 Dungeon Crawl Stone Soup version 0.22.1-1-ga44c0e56f4 (webtiles) character file.

84 Ivernyr the Magician (level 4, -1/54 HPs)
             Began as a Naga Wizard on Nov 2, 2018.
             Slain by Crazy Yiuf
             ... wielding a +2 quarterstaff of chaos
              (4 damage)
             ... on level 2 of the Dungeon.
             The game lasted 00:14:32 (2754 turns).

Ivernyr the Magician (Naga Wizard)                  Turns: 2754, Time: 00:14:33

Health: -1/54      AC: 22    Str:  9    XL:     4   Next: 46%
Magic:  1/10       EV:  1    Int: 20    God:
Gold:   85         SH:  2    Dex:  9    Spells: 2/11 levels left

rFire    + . .     SeeInvis +   e - +0 trident
rCold    + . .     Gourm    .   (no shield)
rNeg     + + +     Faith    .   (armour currently unavailable)
rPois    +         Spirit   .   (helmet currently unavailable)
rElec    +         Reflect  +   (cloak currently unavailable)
rCorr    +         Harm     .   (gloves currently unavailable)
MR       +....     NoTele   +   (no barding)
Stlth    ++........             s - +2 amulet of reflection
HPRegen  0.18/turn              h - ring of protection from magic
MPRegen  0.12/turn              (no ring)

@: tree-form, resistant, very slightly contaminated
A: large, see invisible, slow metabolism 1, spit poison 1, AC +1
a: Spit Poison


You were on level 2 of the Dungeon.
You were very hungry.
You were a tree.
You visited 1 branch of the dungeon, and saw 2 of its levels.

You collected 85 gold pieces.

Inventory:

Hand Weapons
 e - a +0 trident (weapon)
Armour
 a - a +0 robe (melded)
 b - a +0 hat (melded)
 k - a +0 shield
Jewellery
 h - a ring of protection from magic (left branch)
 s - a +2 amulet of reflection (around neck)
Scrolls
 c - 3 scrolls of identify
 i - a scroll of remove curse
 m - a scroll of enchant armour {unknown}
 o - a scroll of magic mapping {unknown}
 r - a scroll of enchant weapon {unknown}
 t - a scroll of teleportation {unknown}
Potions
 g - a potion of lignification
 j - 2 potions of heal wounds {unknown}
 l - 2 potions of curing {unknown}
 n - 3 potions of degeneration {unknown}
 p - a potion of might {unknown}
 q - a potion of brilliance {unknown}
Comestibles
 d - 3 rations


   Skills:
 - Level 1.5 Dodging
 - Level 3.0 Stealth
 + Level 4.0 Spellcasting
 + Level 3.0 Conjurations
   Level 1.0 Summonings
 - Level 1.0 Translocations


You had 2 spell levels left.
You knew the following spells:

 Your Spells              Type           Power        Failure   Level  Hunger
a - Magic Dart            Conj           ###.         3%          1    None
b - Blink                 Tloc           N/A          13%         2    #......
c - Conjure Flame         Conj/Fire      ##......     21%         3    ###....
d - Mephitic Cloud        Conj/Pois/Air  #.......     26%         3    ###....

Your spell library contained the following spells:

 Spells                   Type           Power        Failure   Level  Hunger
 Call Imp                 Summ           #.......     13%         2    #......
 Slow                     Hex            #.......     19%         2    #......


Dungeon Overview and Level Annotations

Branches:
Dungeon (2/15)

Altars:
Qazlal
Ru
Zin

Shops:
D:2 *

Annotations:
D:2 Crazy Yiuf


Innate Abilities, Weirdness & Mutations

You cannot wear boots.
((Your serpentine skin is tough. (AC +1)))
You have supernaturally acute eyesight. (SInv)
((Armour fits poorly on your strangely shaped body.))
((Your system is resistant to poisons. (rPois)))
((You cover ground very slowly.))
You have a slow metabolism.
You can spit poison.


Message History

You are confused.
You're too confused to cast spells.
You're too confused!
You bump into the stone wall.
Crazy Yiuf looks more healthy.
Crazy Yiuf hits you with a quarterstaff of chaos.
* * * LOW HITPOINT WARNING * * *
Crazy Yiuf freezes you.
* * * LOW HITPOINT WARNING * * *
Unknown command.
It was a potion of resistance.
You feel protected.
You are feeling very hungry.
Crazy Yiuf hits you with a quarterstaff of chaos.
* * * LOW HITPOINT WARNING * * *
It was a potion of lignification.
You turn into a tree.
Your +0 hat melds into your body.
Your +0 robe melds into your body.
Your roots penetrate the ground.
You feel less confused.
Crazy Yiuf hits you with a quarterstaff of chaos.
You die...

##.......## ##.##
#.........####...##
+.........'.......#
#......############
##.....# ##....#
##...##♣♣ #####
##'..+P♣♣ ♣♣#..)#
#.....P♣♣♣♣.♣g..#
#)...P..♣..♣#...#
#####.#.+..♣.♣♣♣#####
.......##♣♣♣♣♣
###....# (.#....#
..#.#..# ..#.#..#(.
.........#


You could see Crazy Yiuf.

Vanquished Creatures
  Jessica (D:2)
  An adder (D:2)
  2 dart slugs
  3 leopard geckos
  A ball python (D:1)
  3 giant cockroaches (D:2)
  3 goblins
  7 hobgoblins
  2 jackals (D:2)
  A quokka (D:2)
  6 bats
  3 frilled lizards
  3 kobolds
  6 rats
42 creatures vanquished.

Notes
Turn   | Place    | Note
-------+----------+-------------------------------------------
     0 | D:1      | Ivernyr the Naga Wizard began the quest for the Orb.
     0 | D:1      | Reached XP level 1. HP: 15/15 MP: 4/4
   281 | D:1      | Reached XP level 2. HP: 22/22 MP: 4/6
   285 | D:1      | Learned a level 2 spell: Blink
  1659 | D:2      | Reached XP level 3. HP: 21/28 MP: 2/8
  1733 | D:2      | Learned a level 3 spell: Conjure Flame
  1737 | D:2      | Learned a level 3 spell: Mephitic Cloud
  1755 | D:2      | Found Zin's Purification Station.
  1758 | D:2      | Found a glowing silver altar of Zin.
  2030 | D:2      | Found a stormy altar of Qazlal.
  2056 | D:2      | Noticed Jessica
  2060 | D:2      | Killed Jessica
  2060 | D:2      | Reached XP level 4. HP: 36/36 MP: 7/9
  2317 | D:2      | Found a sacrificial altar of Ru.
  2460 | D:2      | Reached skill level 4 in Spellcasting
  2735 | D:2      | Found a runed door.
  2739 | D:2      | Noticed Crazy Yiuf
  2754 | D:2      | Slain by Crazy Yiuf

Skill      XL: |  1  2  3  4 |
---------------+-------------+-----
Conjurations   | 2 3 |  3.0
Spellcasting   | 4 |  4.0
Dodging        | |  1.5
Stealth        | |  3.0
Summonings     | |  1.0
Translocations | |  1.0

Action                   |  1- 3 |  4- 6 || total
-------------------------+-------+-------++-------
Melee: Dagger            |    11 |       ||    11
       Trident           |     1 |    26 ||    27
 Cast: Magic Dart        |    55 |    17 ||    72
       Blink             |       |     1 ||     1
 Abil: Spit Poison       |    10 |     6 ||    16
  Use: Scroll            |     2 |     1 ||     3
       Potion            |       |     2 ||     2
 Stab: Paralysed         |       |     2 ||     2
  Eat: Chunk             |     2 |     2 ||     4
Armor: Robe              |     4 |     8 ||    12
Dodge: Dodged            |    15 |    24 ||    39
Block: Other             |       |     1 ||     1
